 Dungeon Crawl Stone Soup version 0.27.1-33-g824d729ab1 (webtiles) character file.

Game seed: 10545714260531942337

536 austinbyrn the Cudgeller (level 7, 0/41 HPs)
             Began as a Gargoyle Fighter on Dec 10, 2021.
             Was an Initiate of Okawaru.
             Slain by a gnoll (8 damage)
             ... on level 4 of the Dungeon.
             The game lasted 00:07:29 (5168 turns).

austinbyrn the Cudgeller (Gargoyle Fighter)         Turns: 5168, Time: 00:07:29

Health: 0/41       AC: 11    Str: 28    XL:     7   Next: 25%
Magic:  7/7        EV:  8    Int:  8    God:    Okawaru [......]
Gold:   113        SH: 10    Dex:  9    Spells: 6/6 levels left

rFire    . . .     SeeInvis .   a - +0 flail
rCold    . . .     Faith    .   c - +0 kite shield
rNeg     + . .     Spirit   .   b - +0 scale mail
rPois    ∞         Reflect  .   (no helmet)
rElec    +         Harm     .   (no cloak)
rCorr    .         Rampage  .   (no gloves)
Will     .....                  (no boots)
Stlth    ..........             (no amulet)
HPRegen  0.13/turn              w - +6 ring of strength
MPRegen  0.10/turn              (no ring)

@: mighty
A: sickness immunity, AC +4, negative energy resistance 1, electricity
resistance, torment resistance 1, petrification resistance
a: Renounce Religion


You were on level 4 of the Dungeon.
You worshipped Okawaru.
Okawaru was noncommittal.
You visited 2 branches of the dungeon, and saw 5 of its levels.

You collected 113 gold pieces.

Inventory:

Hand Weapons
 a - a +0 flail (weapon)
Missiles
 t - 2 poisoned darts (quivered)
Armour
 b - a +0 scale mail (worn)
 c - a +0 kite shield (worn)
Jewellery
 n - a ring of wizardry
 w - a +6 ring of strength (left hand)
Wands
 v - a wand of flame (26)
Scrolls
 e - a scroll of enchant armour {unknown}
 g - a scroll of identify {unknown}
 i - a scroll of magic mapping {unknown}
 j - a scroll of amnesia {unknown}
 l - a scroll of acquirement {unknown}
 m - a scroll of blinking {unknown}
 q - a scroll of teleportation {unknown}
 r - a scroll of enchant weapon {unknown}
 s - a scroll of immolation {unknown}
Potions
 d - a potion of might
 f - 2 potions of mutation {unknown}
 h - a potion of lignification {unknown}
 k - 3 potions of brilliance {unknown}
 o - 2 potions of curing {unknown}
 p - 2 potions of berserk rage {unknown}
 u - 3 potions of heal wounds {unknown}


   Skills:
 - Level 3.2 Fighting
 * Level 6.4 Maces & Flails
 - Level 3.2 Armour
 + Level 5.7 Shields


You had 6 spell levels left.
You didn't know any spells.
Your spell library contained the following spells:

 Spells                   Type           Power      Damage    Failure   Level
 Freeze                   Ice            0%         1d3       97%         1
 Frozen Ramparts          Ice            0%         1d2       100%        3
 Stone Arrow              Conj/Erth      0%         3d7       100%        3
 Hailstorm                Conj/Ice       0%         3d3       100%        4
 Bolt of Magma            Conj/Fire/Erth 0%         4d4       100%        5
 Shatter                  Erth           0%         3d5*      100%        9


Dungeon Overview and Level Annotations

Branches:
Dungeon (4/15)             Temple (1/1) D:4

Altars:
Ashenzari
Dithmenos
Elyvilon
Gozag
Kikubaaqudgha
Makhleb
Nemelex Xobeh
Okawaru
Ru
Sif Muna
Trog
Uskayaw
Vehumet
Xom
Yredelemnul
Zin
The Shining One


Innate Abilities, Weirdness & Mutations

You are immune to sickness and miasma.
Your stone body is resilient. (AC +4)
You are immune to poison.
You resist negative energy. (rN+)
You are resistant to electric shocks. (rElec)
You are resistant to unholy torment.
You are immune to petrification.


Message History

The gnoll shouts!
Throw: 3 darts (poison)
Press: ? - help, Q - select action, (/) - cycle Shift-Dir - straight line, f/p - gnoll
Aim: a gnoll, wielding a +0 halberd (58% to hit)
You throw a poisoned dart. The poisoned dart hits the gnoll.
The gnoll looks even sicker.
The gnoll is lightly wounded.
The gnoll throws a throwing net.
The throwing net hits you.
You become entangled in the net!
You struggle against the net.
You tear a large gash into the net.
The gnoll hits you with a +0 flail!
The gnoll hits you from afar with a +0 spear.
You are held in a net!
You are held in a net!
You feel very mighty all of a sudden.
The gnoll hits you but does no damage. x2
You shred the net and break free! The gnoll hits you but does no damage.
The gnoll hits you from afar with a +0 spear.
You hit the gnoll.
The gnoll is severely wounded.
The gnoll hits you but does no damage.
The gnoll hits you from afar with a +0 spear.
The gnoll hits you with a +0 flail! You block the gnoll's attack.
You sock the gnoll!
You kill the gnoll!
Okawaru accepts your kill. You block the gnoll's attack.
The gnoll hits you with a +0 spear.
You see here a +0 flail.
You sock the gnoll!
You kill the gnoll!
Okawaru accepts your kill.
You closely miss the gnoll. The gnoll hits you with a +0 flail!
* * * LOW HITPOINT WARNING * * *
You block the gnoll's attack. x2
You closely miss the gnoll. You block the gnoll's attack. x2
The gnoll barely misses you.
You barely miss the gnoll. The gnoll closely misses you.
The gnoll hits you from afar with a +0 halberd!
You die...

..#########
#.# ..# #.#
..# #.# ..#
#.# #.# #.#
#.# #.# #.#
#.# #.#
########.#
#.#
...((gg@.#
..#
##########
###


You could see 2 gnolls.

Vanquished Creatures
  Menkaure (D:4)
  A centaur (D:4)
  A kobold brigand (D:4)
  A scorpion (D:4)
  2 hounds (D:4)
  Robin (D:3)
  5 adders
  2 gnolls (D:4)
  3 worms
  An orc (D:4)
  6 ball pythons
  6 endoplasms
  3 giant cockroaches
  7 hobgoblins
  A quokka (D:1)
  2 bats
  A frilled lizard (D:2)
  8 goblins
  5 kobolds
  4 rats
61 creatures vanquished.

Notes
Turn   | Place    | Note
-------+----------+-------------------------------------------
     0 | D:1      | austinbyrn the Gargoyle Fighter began the quest for the
                  | Orb.
     0 | D:1      | Reached XP level 1. HP: 14/14 MP: 1/1
   452 | D:1      | Reached XP level 2. HP: 18/19 MP: 2/2
  1323 | D:2      | Reached skill level 3 in Maces & Flails
  1323 | D:2      | Reached XP level 3. HP: 23/23 MP: 3/3
  1652 | D:2      | Found a white marble altar of Elyvilon.
  1732 | D:2      | Found a faded altar of an unknown god.
  1764 | D:2      | Reached XP level 4. HP: 19/28 MP: 4/4
  2775 | D:3      | Found an opulent altar of Gozag.
  3250 | D:3      | Noticed Robin
  3312 | D:3      | Reached skill level 4 in Maces & Flails
  3339 | D:3      | Found a white marble altar of Elyvilon.
  3398 | D:3      | Killed Robin
  3738 | D:4      | Reached XP level 5. HP: 32/32 MP: 5/5
  3792 | D:4      | Noticed Menkaure
  3802 | D:4      | Killed Menkaure
  3803 | D:4      | Reached skill level 5 in Maces & Flails
  3803 | D:4      | Reached skill level 5 in Shields
  3803 | D:4      | Reached XP level 6. HP: 33/37 MP: 6/6
  4067 | D:4      | Found a staircase to the Ecumenical Temple.
  4073 | Temple   | Entered the Ecumenical Temple
  4141 | Temple   | Became a worshipper of Warmaster Okawaru
  4821 | D:4      | Found a glowing golden altar of the Shining One.
  4826 | D:4      | Reached skill level 6 in Maces & Flails
  4826 | D:4      | Reached XP level 7. HP: 35/41 MP: 7/7
  5168 | D:4      | Slain by a gnoll

Illustrated notes

Levels and vault maps discovered:
D:1:      dpeg_arrival_round_c, layout_basic
D:2:      layout_loops_corners, hellmonk_ecumenical_altar_crossroads,
          basic_altar
D:3:      layout_basic, mainiacjoe_overflow_tiny_flanked,
          nicolae_gozag_cash_rules_everything_around_me, uniq_robin
D:4:      layout_basic, tso_altar, minmay_temple_entry_fiery, uniq_menkaure
Temple:   eino_temple_water

Skill      XL: |  1  2  3  4  5  6 |
---------------+-------------------+-----
Maces & Flails | 3 4 5 6 |  6.4
Shields        | 4 5 |  5.7
Fighting       | |  3.2
Armour         | |  3.2

Action                   |  1- 3 |  4- 6 |  7- 9 || total
-------------------------+-------+-------+-------++-------
Melee: Flail             |    67 |   159 |    17 ||   243
Throw: Dart              |       |     7 |     4 ||    11
  Use: Potion            |       |     2 |     1 ||     3
Armor: Scale mail        |    39 |    84 |     6 ||   129
Dodge: Dodged            |    17 |    66 |     2 ||    85
Block: Kite shield       |    35 |   105 |    11 ||   151
